[Event "*** Titled Tuesday Blitz"]
[Site "Chess.com"]
[Date "2020.04.21"]
[Round "1"]
[White "1g41-0"]
[Black "Jumbo"]
[Result "0-1"]
[WhiteElo "2432"]
[BlackElo "2821"]
[TimeControl "180+1"]
[EndTime "10:08:08 PDT"]
[Termination "Jumbo won by resignation"]

1. e4 c5 2. Nf3 d6 3. d4 cxd4 4. Nxd4 Nf6 5. Nc3 Nc6 6. Bc4 e6 7. Be3 a6 8. Qe2 Na5 9. Bb3 b5 10. O-O-O Qc7 11. f3 Bd7 12. g4 h6 13. h4 g6 14. g5 hxg5 15. hxg5 Rxh1 16. Rxh1 Nh5 17.
f4 Ng3 18. Qg2 Nxh1 19. Qxh1 O-O-O 20. f5 Nxb3+ 21. axb3 b4 22. Na4 Bxa4 23. bxa4 e5 24. Nb3 d5 25. fxg6 d4 26. Bd2 fxg6 27. Qh3+ Qd7 28.
Qd3 Qe6 29. Na5 Be7 30. Nc4 Kb7 31. b3 Rc8 32. Kb2 Rh8 33. Na5+ Kb6 34. Nc4+ Ka7 35. Qg3 Bd6 36. Qf2 Rf8 37. Qh2 Rf7 38. Qh8 Bc7 39.
Bxb4 Kb7 40. Na5+ Bxa5 41. Bxa5 d3 42. Qd8 Rd7 43. Qf8 dxc2 44. Qb4+ Ka8 45. Qf8+ Kb7 46.
Qc5 Qc6 47. Qb4+ Ka7 48. Qc3 Kb7 49. Kxc2 Rd4 50. Kb2 Qxc3+ 51. Bxc3 Rxe4 52. Kc2 Kc6 53. Kd3 Kd5 54. b4 Rg4 55. Bd2 Rg3+ 56. Ke2 Ra3 57.
a5 e4 58. Be1 Kd4 0-1

[Event "*** Titled Tuesday Blitz"]
[Site "Chess.com"]
[Date "2020.04.21"]
[Round "1"]
[White "Yurovskykh_Oleksandr"]
[Black "josephymwale33"]
[Result "1-0"]
[WhiteElo "2623"]
[BlackElo "2289"]
[TimeControl "180+1"]
[EndTime "10:08:08 PDT"]
[Termination "Yurovskykh_Oleksandr won by checkmate"]

1. d4 Nf6 2. Nf3 e6 3. Bf4 d5 4. e3 Bd6 5. Bg3 Nc6 6. c4 dxc4 7. Bxc4 O-O 8. Nc3 Nd7 9. e4 e5 10. d5 Ne7 11. O-O f5 12. exf5 Nxf5 13. Ne4 Nxg3 14.
hxg3 Nf6 15. Nfg5 Nxe4 16. Nxe4 Bf5 17. Qe2 Qe7 18. Rac1 a6 19. Rc2 Rae8 20. Bd3 Bxe4 21. Bxe4 Rf6 22. g4 Ref8 23. g3 Rh6 24. Kg2 Qg5 25. Rcc1 a5 26. Rh1 g6 27. Rxh6 Qxc1 28.
Rh1 Qg5 29. f3 b6 30. Re1 Bb4 31. Qe3 Qxe3 32. Rxe3 Bc5 33. Re2 Kg7 34. Rc2 Kf6 35. Kf1 h6 36. Ke2 g5 37. Kd3 Ke7 38. Rh2 Rf6 39.
Kc4 Kd6 40. a3 Bd4 41. b4 axb4 42. axb4 Be3 43. Ra2 Bd4 44. Ra8 Kd7 45. Rh8 Ke7 46.
Bf5 Bf2 47. Kd3 Bxg3 48. Ke4 Be1 49. Rc8 Kd6 50. Rd8+ Ke7 51. Rd7+ Ke8 52. Rxc7 Bxb4 53. Rb7 Bc5 54. Kxe5 Rf8 55. d6 Kd8 56. Rb8# 1-0

[Event "*** Titled Tuesday Blitz"]
[Site "Chess.com"]
[Date "2020.04.21"]
[Round "1"]
[White "Ariadna_Atreides"]
[Black "ShahMatKanal"]
[Result "0-1"]
[WhiteElo "2053"]
[BlackElo "2506"]
[TimeControl "180+1"]
[EndTime "10:08:09 PDT"]
[Termination "ShahMatKanal won on time"]

1. d4 e6 2. Nf3 d5 3. e3 Nf6 4.
Bd3 b6 5. O-O Bb7 6. b3 Bd6 7.
Bb2 O-O 8. Nbd2 c5 9. Ne5 Nbd7 10. Ndf3 Ne4 11. Nxd7 Qxd7 12. Ne5 Qc7 13. f3 Nf6 14. f4 Ne4 15. Qh5 f6 16. Nf3 g6 17. Qh3 Bc8 18.
g4 cxd4 19. Nxd4 a6 20. c4 Bd7 21. Rac1 Nc5 22. Bb1 dxc4 23. Rxc4 Qb7 24. Qh6 Rf7 25. Bxg6 hxg6 26. Qxg6+ Kf8 27. Ne2 Bb5 28. Bxf6 Bxc4 29. bxc4 Qe4 30. Qh6+ Ke8 31. Bd4 Kd7 32. g5 Rg8 33.
Ng3 Qg6 34. Qh4 Ne4 35. Qg4 Nxg3 36. hxg3 Qf5 37. Qf3 e5 38. Qb7+ Ke6 39. Qxb6 exd4 40. exd4 Rc8 41. Re1+ Kd7 42. Qa7+ Rc7 43. Qxa6 Qd3 44.
Qa4+ Rc6 45. d5 Bc5+ 46. Kg2 Qd2+ 47. Kf3 Qxe1 48. Qxc6+ Kd8 0-1

[Event "*** Titled Tuesday Blitz"]
[Site "Chess.com"]
[Date "2020.04.21"]
[Round "1"]
[White "PauloCesarCosta_sad"]
[Black "dragos420"]
[Result "0-1"]
[WhiteElo "2041"]
[BlackElo "2505"]
[TimeControl "180+1"]
[EndTime "10:08:09 PDT"]
[Termination "dragos420 won on time"]

1. Nf3 Nf6 2. c4 e6 3. d4 c5 4. e3 cxd4 5. exd4 d5 6. Nc3 Bb4 7. Qb3 Nc6 8. cxd5 Nxd5 9. Bd2 O-O 10. Bd3 Bxc3 11. bxc3 b6 12. O-O Bb7 13. Rfe1 Rc8 14. Rac1 Na5 15. Qa4 Nc6 16. Ne5 Nxe5 17. Rxe5 Bc6 18.
Qc2 g6 19. Qd1 Qf6 20. Ba6 Rc7 21. Bd3 Nf4 22. Be4 Bxe4 23. Rxe4 Nd5 24. Qg4 Qf5 25. Qxf5 gxf5 26. Rh4 Rfc8 27. Rh3 Ne7 28. Kf1 Ng6 29. Ke2 b5 30. a3 Rc4 31. Rd3 a6 32. g3 Ra4 33. Bg5 Rxa3 34. Bf6 Ra2+ 35. Rd2 Rxd2+ 36. Kxd2 Nf8 37. Be7 Nd7 38. Bb4 f6 39. Ra1 Rc6 40. f4 Kf7 41. Kd3 h5 42. Ra2 Rb6 43. Ra1 Rc6 44. Ra2 Ke8 45. Ra1 Kd8 46. Ra2 Kc7 47. Ra1 Kb7 48. Be7 Nb6 49. Bxf6 Nd5 50. Rc1 Nxf6 51. h3 Ne4 52. g4 hxg4 53. hxg4 Nf2+ 54. Ke2 Nxg4 55. Kf3 b4 56. c4 a5 0-1

[Event "*** Titled Tuesday Blitz"]
[Site "Chess.com"]
[Date "2020.04.21"]
[Round "1"]
[White "Frogo47"]
[Black "warmoatmeal"]
[Result "1-0"]
[WhiteElo "2495"]
[BlackElo "1972"]
[TimeControl "180+1"]
[EndTime "10:08:09 PDT"]
[Termination "Frogo47 won on time"]

1. d4 Nf6 2. c4 e6 3. Nf3 d5 4. g3 Be7 5. Bg2 O-O 6. O-O dxc4 7. Ne5 c5 8. dxc5 Bxc5 9. Nxc4 Nc6 10. Nc3 Qe7 11. a3 Rd8 12. Qa4 Bd7 13. Qb3 Be8 14. Bg5 Nd4 15. Qa2 Rac8 16. e3 Nb5 17. Ne4 Bc6 18. Nxf6+ gxf6 19. Bh4 Bxg2 20. Kxg2 Nd6 21.
Nxd6 Bxd6 22. Rad1 Be5 23. Qb3 Qc7 24. Rc1 Qb6 25.
Qxb6 axb6 26. b3 Rxc1 27. Rxc1 Rd3 28. Rb1 Kg7 29. Kf3 b5 30. Ke2 Rd6 31. a4 b4 32. Rd1 Rxd1 33. Kxd1 Bc3 34. Ke2 Kg6 35. g4 f5 36. h3 Bf6 37. Bg3 fxg4 38. hxg4 Kg5 39. f3 h5 40. gxh5 Kxh5 41. Be1 Be7 42. Kd3 f6 43. Kc4 e5 44. a5 Bd8 45. Bxb4 Kh4 46.
Be1+ Kh3 47. Kd3 Kg2 48. f4 f5 49. fxe5 1-0

[Event "*** Titled Tuesday Blitz"]
[Site "Chess.com"]
[Date "2020.04.21"]
[Round "1"]
[White "AvitalBor"]
[Black "littleozy"]
[Result "1-0"]
[WhiteElo "2803"]
[BlackElo "2423"]
[TimeControl "180+1"]
[EndTime "10:08:10 PDT"]
[Termination "AvitalBor won on time"]

1. e4 c6 2. c4 d5 3. cxd5 cxd5 4. exd5 Nf6 5. Nf3 g6 6. Nc3 Bg7 7. Bc4 O-O 8. O-O a6 9. Bb3 Nbd7 10. d4 Nb6 11. h3 Nbxd5 12. Re1 e6 13. Bg5 Qd6 14.
Qd2 b5 15. Rac1 Bb7 16. Ne5 Rac8 17. Bh4 Nxc3 18. bxc3 Nd5 19. Bg3 Qe7 20. Nd3 Nb6 21. Nc5 Bd5 22. Nxa6 Bxg2 23. Kxg2 Qb7+ 24. d5 Qxa6 25.
dxe6 Nc4 26. Qd5 fxe6 27. Rxe6 Qa8 28. Qxa8 Rxa8 29. a4 Nd2 30. Bd5 Rad8 31. Rd6+ Kh8 32. axb5 Rxd6 33. Bxd6 Rd8 34. Ra1 Bxc3 35. Ra8 Rxa8 36.
Bxa8 Nc4 37. Bc5 Ba5 38. Bd5 Nb6 39. Bb3 Kg7 40. Kf3 Kf6 41. Ke4 h5 42. f4 Nd7 43.
Bd4+ Ke7 44. Kd5 Bc7 45. Bc2 Bxf4 46. Bxg6 h4 47. Bf5 Nb8 48. b6 Bg3 49. Bg4 Kd8 50.
Bf6+ Ke8 51. b7 Kf7 52. Bg5 Ke8 53. Ke6 Kf8 54. Be7+ Kg7 55. Bd6 Kg6 56. Be7 1-0

[Event "*** Titled Tuesday Blitz"]
[Site "Chess.com"]
[Date "2020.04.21"]
[Round "1"]
[White "stoleriu"]
[Black "LifeIsAllAboutChess23"]
[Result "1-0"]
[WhiteElo "2503"]
[BlackElo "2008"]
[TimeControl "180+1"]
[EndTime "10:08:10 PDT"]
[Termination "stoleriu won by checkmate"]

1. e4 b6 2. d4 Bb7 3. Nc3 e6 4. Nf3 Nf6 5. e5 Nd5 6. Ne4 f5 7. exf6 Nxf6 8. Nxf6+ Qxf6 9. Be2 Be7 10. Bg5 Qf8 11. Qd2 h6 12. Bxe7 Qxe7 13. Ne5 O-O 14. Ng6 Qg5 15. Qxg5 hxg5 16. Nxf8 Kxf8 17. O-O Nc6 18.
c3 Ne7 19. f4 gxf4 20. Rxf4+ Kg8 21. Raf1 Bc6 22. Bd3 Nd5 23. Rh4 Nf6 24. Rh3 Rf8 25. Be2 g5 26. Rg3 Ne4 27. Rxf8+ Kxf8 28. Re3 Kg7 29. Bf3 d5 30. Bxe4 dxe4 31. Kf2 Kf6 32. Kg3 Kf5 33. Re1 Be8 34. Rf1+ Kg6 35. h4 Kh5 36.
Rf6 gxh4+ 37. Kf4 Bd7 38. Rf7 Bc6 39. Rxc7 Bd5 40. c4 Ba8 41. Rxa7 e3 42. Rh7+ Kg6 43. Rxh4 e2 44. Rh1 Bxg2 45. Re1 Bf1 46. Ke5 Kf7 47. b4 Ke7 48. a4 Kd7 49. a5 bxa5 50. bxa5 Ke7 51.
a6 Kd7 52. a7 Bg2 53. Rxe2 Ba8 54. Rb2 Kc7 55. Rb8 Bc6 56. a8=Q Bxa8 57. Rxa8 Kb7 58. Re8 Kc7 59. Rxe6 Kd7 60. Kd5 Kc7 61. c5 Kd7 62. c6+ Kc7 63. Kc5 Kd8 64. Kd6 Kc8 65. Re8# 1-0

[Event "*** Titled Tuesday Blitz"]
[Site "Chess.com"]
[Date "2020.04.21"]
[Round "1"]
[White "Enriquack"]
[Black "Darhild"]
[Result "0-1"]
[WhiteElo "2252"]
[BlackElo "2600"]
[TimeControl "180+1"]
[EndTime "10:08:11 PDT"]
[Termination "Darhild won by resignation"]

1. e4 c5 2. Nf3 d6 3. d4 cxd4 4.
Nxd4 Nf6 5. Nc3 a6 6. Bg5 e6 7. f4 h6 8. Bh4 Qb6 9. a3 Nbd7 10. Bf2 Qc7 11. Qe2 b5 12. g4 g5 13. f5 Ne5 14. h3 h5 15. Bg2 hxg4 16. hxg4 Rxh1+ 17. Bxh1 Nfxg4 18. Bg3 Bd7 19. O-O-O O-O-O 20. fxe6 fxe6 21. Nf3 Bg7 22. Nxg5 Bh6 23. Bf4 Rf8 24. Bd2 Rf2 25.
Qe1 Nc4 26. Nf3 Nxd2 27. Nxd2 Qc5 28. Kb1 Qe3 29. Qg1 Qf4 30. Rf1 Qxd2 31. Rxf2 Nxf2 32. Qg8+ Kc7 33. Bf3 Qc1+ 34. Ka2 Qxc2 35. Qa8 Nd3 36.
Qa7+ Kd8 37. Qb8+ Ke7 38. Nd1 Nc1+ 39. Ka1 Nb3+ 40. Ka2 Bc1 41. Qh8 Nc5 42. Qg7+ Kd8 43. Qh8+ Kc7 44. Qc3 Qxc3 45. Nxc3 Bg5 46. b4 Nd3 47.
Kb3 Ne5 48. Bg2 Bc6 49. Ne2 Bh4 50. Nd4 Bd7 51. Bh3 Bd8 52. Bxe6 Bxe6+ 53. Nxe6+ Kc8 54. Nf4 Bb6 55. Nd5 Kb7 56. a4 bxa4+ 57. Kxa4 Nd3 58. b5 a5 59. Ne7 Nc5+ 60. Ka3 Nxe4 61. Nd5 Nc5 62. Kb2 Bd8 63. Kc3 Na4+ 64. Kc4 Nb6+ 65. Nxb6 Bxb6 0-1

[Event "*** Titled Tuesday Blitz"]
[Site "Chess.com"]
[Date "2020.04.21"]
[Round "1"]
[White "Igrok3069"]
[Black "juniortay"]
[Result "1-0"]
[WhiteElo "2770"]
[BlackElo "2400"]
[TimeControl "180+1"]
[EndTime "10:08:12 PDT"]
[Termination "Igrok3069 won by checkmate"]

1. d4 d5 2. c4 e6 3. Nc3 c5 4. cxd5 exd5 5. Nf3 Nc6 6. dxc5 d4 7. Na4 Bxc5 8.
Nxc5 Qa5+ 9. Bd2 Qxc5 10. e3 dxe3 11. Bxe3 Qb4+ 12. Qd2 Qxd2+ 13. Nxd2 Nf6 14. Bc4 O-O 15. O-O Ne5 16. Bb3 Bf5 17. Bd4 Nd3 18. Nc4 Rfd8 19.
Ne3 Bg6 20. Bxf6 gxf6 21. Rab1 Nf4 22. Rbd1 Kf8 23. h4 h5 24. g3 Ne2+ 25. Kh2 Nd4 26. Bd5 Nc2 27. Bxb7 Nxe3 28. fxe3 Rab8 29. Rxd8+ Rxd8 30. Rf2 Rd3 31. Re2 Bf5 32. Bf3 Rd1 33. Kg2 Bd3 34.
Rf2 Re1 35. Rd2 Bg6 36. Kf2 Ra1 37. b3 Ke7 38. Bd5 a5 39. a4 Rb1 40. e4 f5 41. e5 Rc1 42. Bc4 Rc3 43. Re2 f4 44. gxf4 Rh3 45. e6 f6 46. Rd2 Be8 47. Rd5 Rxh4 48.
Rxa5 Rxf4+ 49. Ke3 Rg4 50. Ra7+ Kd6 51. Ra6+ Ke7 52.
Ra7+ Kd6 53. Ra8 Ke7 54. a5 h4 55. a6 h3 56. Rxe8+ Kxe8 57. a7 Rg3+ 58. Kf4 Ke7 59. a8=Q h2 60. Qb7+ Kd6 61. Qd5+ Ke7 62. Qd7+ Kf8 63.
Qf7# 1-0

[Event "*** Titled Tuesday Blitz"]
[Site "Chess.com"]
[Date "2020.04.21"]
[Round "1"]
[White "aaronmaster123"]
[Black "Andrei_Belozerov"]
[Result "0-1"]
[WhiteElo "2297"]
[BlackElo "2626"]
[TimeControl "180+1"]
[EndTime "10:08:12 PDT"]
[Termination "Andrei_Belozerov won by resignation"]

1. d4 d5 2. c4 c6 3. Nf3 Nf6 4. g3 Bg4 5. Bg2 e6 6. O-O Nbd7 7. Qb3 Qb6 8. c5 Qa6 9. Nc3 b6 10. cxb6 axb6 11. Bf4 Be7 12. Rfc1 O-O 13. h3 Bh5 14. Ne5 Rfc8 15. Nxd7 Nxd7 16. e3 c5 17. g4 Bg6 18. Qb5 Qxb5 19. Nxb5 c4 20. a4 Ra5 21. b3 Bd3 22. Bf1 Bxf1 23. Kxf1 g5 24. Bd6 Kf8 25.
b4 Ra6 26. Bxe7+ Kxe7 27. Ra2 Nf6 28. f3 Ne8 29. Ke2 Nd6 30. Nxd6 Kxd6 31. Kd2 h5 32. gxh5 Rh8 33. Rg1 Rxh5 34. Rg3 f6 35.
Kc3 Ra7 36. a5 Kc6 37. e4 Kb5 38. exd5 exd5 39. f4 gxf4 40. Rf3 bxa5 41. bxa5 Rxa5 42. Rb2+ Kc6 43. Rxf4 Rxh3+ 44. Kc2 Rh2+ 45. Kb1 Rh1+ 46. Kc2 Rh6 47. Kc3 Ra3+ 48. Kb4 Ra8 49. Rbf2 Rb8+ 50. Kc3 Rb3+ 51. Kc2 Rd3 52. Rxf6+ Rxf6 53. Rxf6+ Kb5 54. Rf4 Kb4 55. Rh4 Rc3+ 56. Kd2 Kb3 57. Rg4 Rd3+ 58. Ke2 Rh3 59. Rg5 c3 60. Rxd5 c2 61.
Rc5 Rh1 62. Kd2 Rd1+ 63. Ke2 c1=Q 64. Rxc1 Rxc1 65. d5 Kb4 66. d6 Rc6 67. d7 Rd6 0-1

[Event "*** Titled Tuesday Blitz"]
[Site "Chess.com"]
[Date "2020.04.21"]
[Round "1"]
[White "Benjoneliere44"]
[Black "allvim"]
[Result "0-1"]
[WhiteElo "2599"]
[BlackElo "2299"]
[TimeControl "180+1"]
[EndTime "10:08:12 PDT"]
[Termination "allvim won on time"]

1. e4 c5 2. Nc3 a6 3. g3 e6 4. Bg2 Nc6 5. d3 Nf6 6. f4 d5 7. Bd2 Be7 8. Nf3 O-O 9. O-O b5 10. Ne5 Bb7 11. Nxc6 Bxc6 12. e5 Nd7 13. Qe2 b4 14.
Nd1 a5 15. h4 Qb6 16. Kh2 a4 17. Ne3 b3 18. axb3 axb3 19. c4 d4 20. Ng4 Bxg2 21.
Qxg2 Ra2 22. Rab1 Rfa8 23. h5 h6 24. Qe4 R2a6 25. Rbe1 Qc6 26. Qe2 Ra2 27. Bc1 Nf8 28. Rf2 Ra1 29. Ref1 R8a2 30. f5 exf5 31. Rxf5 Qe6 32.
R5f2 Nh7 33. Rxf7 Qxf7 34. Rxf7 Kxf7 35. Qf3+ Kg8 36. Qd5+ Kh8 37. Qf7 Rxc1 38. Qe8+ Bf8 39. Nxh6 Rxb2+ 40. Kh3 Rh1+ 41. Kg4 Rf2 42. Nf7+ Kg8 43.
Nd6 Rhf1 44. Qe6+ Kh8 45. Qc8 Rf3 46. e6 R1f2 47. e7 Nf6+ 48. Kg5 Rxg3+ 49. Kh4 Rg1 50. exf8=Q+ Kh7 0-1

[Event "*** Titled Tuesday Blitz"]
[Site "Chess.com"]
[Date "2020.04.21"]
[Round "1"]
[White "Akhayan"]
[Black "stefan_95"]
[Result "0-1"]
[WhiteElo "2266"]
[BlackElo "2606"]
[TimeControl "180+1"]
[EndTime "10:08:12 PDT"]
[Termination "stefan_95 won by resignation"]

1. d4 Nf6 2. Nf3 e6 3. Bf4 c5 4.
c3 b6 5. e3 Bb7 6. Bd3 Be7 7.
Nbd2 O-O 8. O-O cxd4 9. exd4 d6 10. Re1 Nbd7 11. h3 Re8 12. Bh2 a6 13. Qe2 Nf8 14.
Ne4 Nd5 15. a3 Ng6 16. Qd2 f5 17. Neg5 Bxg5 18. Nxg5 Qd7 19. Bc4 b5 20. Bb3 Rac8 21. Re2 h6 22. Nf3 Nb6 23. Ne1 Nc4 24. Bxc4 Rxc4 25.
Nd3 e5 26. Rae1 Nh4 27. d5 Bxd5 28. f4 e4 29. Nb4 Bb7 30. Rd1 e3 31. Qxd6 Qxd6 32.
Rxd6 Bxg2 33. Bg3 Bf3 34. Re1 Ng2 35. Nc2 Nxe1 36. Nxe1 Be4 37. Bh4 a5 38. Rd7 b4 39.
axb4 axb4 40. Ra7 bxc3 41. bxc3 Rxc3 42. Kh2 Rc1 43. Bg3 Rd1 44. h4 Rd2+ 45. Kh3 Rc8 46.
h5 Rc1 47. Re7 Rdd1 48. Ng2 Rh1+ 49. Bh2 Rxh2+ 50. Kxh2 Rc2 51. Kg1 Rxg2+ 52. Kf1 Rf2+ 53. Ke1 Rh2 54. Re8+ Kh7 55. Kd1 Rxh5 56. Ke2 Rh4 57. Kxe3 Rh3+ 58. Kd4 Rf3 59. Ke5 h5 60. Re7 h4 61. Ra7 h3 0-1

[Event "*** Titled Tuesday Blitz"]
[Site "Chess.com"]
[Date "2020.04.21"]
[Round "1"]
[White "GMNeiksans"]
[Black "dpruess"]
[Result "1-0"]
[WhiteElo "2882"]
[BlackElo "2453"]
[TimeControl "180+1"]
[EndTime "10:08:13 PDT"]
[Termination "GMNeiksans won by resignation"]

1. e4 c5 2. Nf3 d6 3. Bb5+ Bd7 4. Bxd7+ Qxd7 5. c4 Nf6 6. Nc3 e6 7. O-O Be7 8. d4 cxd4 9. Nxd4 O-O 10. b3 Nc6 11.
Be3 Rfd8 12. Qe2 d5 13. Rad1 Bb4 14. exd5 exd5 15. Nxc6 bxc6 16. Bd4 Bxc3 17. Bxc3 Ne4 18. Ba1 Qf5 19. cxd5 cxd5 20. Qe3 a6 21. Qd4 Qg6 22. f3 Nf6 23. Qd3 Qxd3 24. Rxd3 Rac8 25. Rfd1 Rc2 26. a4 Ra2 27. Bxf6 gxf6 28. Rxd5 Rc8 29. Rd8+ Rxd8 30. Rxd8+ Kg7 31. Rd6 a5 32. Rd5 Rb2 33. Rb5 Kg6 34. h4 f5 35. Kh2 f4 36. Rxa5 Rxb3 37. Rg5+ Kf6 38. Kh3 Rb2 39. Rb5 Ra2 40. a5 Kg6 41. h5+ Kf6 42. Kg4 Rxg2+ 43. Kxf4 Ra2 44. Rb6+ Ke7 45.
a6 Ra5 46. Kg4 Kf8 47. h6 Ke7 48. f4 Ra3 49. Kf5 Ra5+ 50. Ke4 Ra2 51. Kd3 Ra4 52. Kc3 Rxf4 53. Kb3 Rf1 54. Rb4 Ra1 55. Ra4 Rb1+ 56. Kc4 Rb8 57. Kc5 Ra8 58. Kb6 Kf6 59. Kb7 Rxa6 60.
Rxa6+ Kg5 61. Kc7 1-0

[Event "*** Titled Tuesday Blitz"]
[Site "Chess.com"]
[Date "2020.04.21"]
[Round "1"]
[White "djano"]
[Black "Indianlad"]
[Result "0-1"]
[WhiteElo "2471"]
[BlackElo "2992"]
[TimeControl "180+1"]
[EndTime "10:08:14 PDT"]
[Termination "Indianlad won by resignation"]

1. Nf3 g6 2. c4 Bg7 3. g3 c5 4.
Bg2 Nc6 5. O-O e6 6. Nc3 Nge7 7. e3 O-O 8. d4 cxd4 9. Nxd4 d5 10. cxd5 exd5 11. Nxc6 bxc6 12. Qc2 Nf5 13. Rd1 Qe7 14. Bd2 Rb8 15. Na4 Bd7 16. Rab1 Nd6 17. Qc5 Bf5 18. Rbc1 Rfc8 19. Bb4 Qb7 20. Qxd6 Bf8 21. Qf4 Qxb4 22. Qxb4 Bxb4 23. b3 a5 24. Rd4 Ba3 25. Rcd1 Rb4 26. h3 h5 27. Bf1 Kf8 28. Rxb4 axb4 29. f3 Ke7 30. Kf2 Ra8 31. Re1 Be6 32. Re2 Kd6 33. Rc2 Bf5 34. Rd2 Kc7 35.
g4 hxg4 36. hxg4 Be6 37. Nc5 Kd6 38. Nxe6 fxe6 39. Rc2 g5 40. f4 e5 41. fxg5 Rg8 42. Bd3 e4 43. Be2 Rxg5 44. Kg3 Rg8 45. Kf4 Rf8+ 46.
Kg3 c5 47. g5 d4 48. exd4 cxd4 49. Bh5 d3 50. Rd2 Bc1 51. Rd1 Bxg5 52. Bg6 Ke5 53. Kg4 Be3 54. Re1 d2 55. Rd1 Rf2 56. Kg3 Kd4 57. Bh5 Rf5 58. Kg4 Rxh5 59. Kxh5 Kd3 0-1

[Event "*** Titled Tuesday Blitz"]
[Site "Chess.com"]
[Date "2020.04.21"]
[Round "1"]
[White "pouya21"]
[Black "sergeikim"]
[Result "1-0"]
[WhiteElo "2796"]
[BlackElo "2417"]
[TimeControl "180+1"]
[EndTime "10:08:14 PDT"]
[Termination "pouya21 won on time"]

1. e4 e5 2. Nf3 Nc6 3. Bb5 a6 4. Ba4 Nf6 5. d3 b5 6. Bb3 Be7 7. a3 O-O 8. Nc3 d6 9. Nd5 Be6 10. O-O Na5 11. Ba2 c6 12. Nxf6+ Bxf6 13. Bxe6 fxe6 14.
b4 Nb7 15. a4 Qd7 16. Bd2 c5 17. Qb1 Rfc8 18. Qb2 c4 19. Ra3 Nd8 20. Rfa1 Rab8 21. axb5 axb5 22. Be3 h6 23. Ra7 Rb7 24. Rxb7 Nxb7 25.
h3 Qc6 26. Ra7 Nd8 27. Qa2 cxd3 28. cxd3 Qc2 29. Qxc2 Rxc2 30. Rb7 Rb2 31. Rxb5 Nc6 32. Bd2 Nd4 33. Rb8+ Kh7 34. Nxd4 Rxd2 35. Nxe6 Rxd3 36.
b5 d5 37. exd5 Rxd5 38. b6 Rd1+ 39. Kh2 e4 40. Nf8+ Kg8 41. Nd7+ Kh7 42. Nxf6+ gxf6 43. b7 Rb1 44. Kg3 Rb4 45. Kf4 Kg7 46. g4 Kh7 47. h4 Kg7 48. h5 Kh7 49. Rf8 Rxb7 50. Rxf6 Rb4 51. Kg3 Kg7 52. Rg6+ Kh7 53. Re6 Kg7 54.
Re7+ Kf6 55. Rh7 Ke5 56. Rxh6 Rb3+ 57. Kg2 Kf4 58. Rg6 Rb2 59. h6 e3 60. Rf6+ Kg5 61. h7 Rb8 62. Rb6 exf2 63. Rxb8 1-0

[Event "*** Titled Tuesday Blitz"]
[Site "Chess.com"]
[Date "2020.04.21"]
[Round "1"]
[White "mirochka"]
[Black "ALeks_Ivlev"]
[Result "1/2-1/2"]
[WhiteElo "2171"]
[BlackElo "2533"]
[TimeControl "180+1"]
[EndTime "10:08:14 PDT"]
[Termination "Game drawn by repetition"]

1. e4 c5 2. b4 b6 3. bxc5 bxc5 4. Nc3 Nc6 5. Rb1 Nf6 6. Nf3 d6 7. Bc4 e6 8. O-O Be7 9. d4 cxd4 10. Nxd4 Nxd4 11.
Qxd4 O-O 12. Rd1 Bd7 13. Ba3 Qc7 14. Nb5 Bxb5 15. Bxb5 Rfd8 16. Ba4 d5 17. Bxe7 Qxe7 18. exd5 Rxd5 19. Qe3 Rad8 20. Rxd5 Nxd5 21. Qf3 g6 22.
Bb3 Nf6 23. h4 Kg7 24. g3 Rd4 25. Qe3 Qd6 26. Re1 Ng4 27. Qc3 e5 28. Qf3 f5 29.
Qb7+ Kh6 30. Qxa7 Rd2 31. Rf1 e4 32. Bg8 Nf6 33. Bb3 f4 34. gxf4 Rd1 35. c3 Rxf1+ 36. Kxf1 Qd3+ 37. Kg1 Ng4 38. Bg8 Qd1+ 39. Kg2 Qf3+ 40.
Kf1 Nf6 41. Bb3 Qxc3 42. Qe3 Qa1+ 43. Kg2 Kg7 44. f5 Qe5 45. fxg6 hxg6 46. Qg3 Qd4 47. Qe3 Qe5 48. Qg3 Qe7 49. Qe3 Nh5 50. Qg5 Qf8 51. Bc2 Qf3+ 52. Kg1 Nf4 53. Qe5+ Kh7 54. Qe7+ Kh6 55.
Qf8+ Kh7 56. Qf7+ Kh8 57. Qf8+ Kh7 58. Qe7+ Kh8 59. Qf8+ Kh7 1/2-1/2

[Event "*** Titled Tuesday Blitz"]
[Site "Chess.com"]
[Date "2020.04.21"]
[Round "1"]
[White "jonaszmb"]
[Black "nihalsarin"]
[Result "0-1"]
[WhiteElo "2475"]
[BlackElo "3051"]
[TimeControl "180+1"]
[EndTime "10:08:15 PDT"]
[Termination "nihalsarin won by resignation"]

1. d4 Nf6 2. c4 g6 3. Nf3 Bg7 4. g3 O-O 5. Bg2 d6 6. O-O Ne4 7. Nbd2 Nxd2 8. Bxd2 e5 9. dxe5 dxe5 10. Bb4 Qxd1 11. Raxd1 Re8 12. Bc3 e4 13. Nd4 c6 14.
Nc2 Bxc3 15. bxc3 Na6 16. Rb1 Nc5 17. Nd4 f5 18. Nb3 Na4 19. Rfc1 Re7 20. e3 Be6 21.
Na5 Nc5 22. Bf1 Rd8 23. Rd1 Red7 24. Rxd7 Rxd7 25. Nb3 Na4 26. Nd4 Kf7 27. Rb3 Nc5 28. Ra3 a6 29. Nxe6 Kxe6 30. Kg2 Rd2 31. Ra5 b6 32.
Ra3 a5 33. h4 h6 34. g4 fxg4 35. Kg3 h5 36. Kg2 Ke5 37. Kg3 Rb2 38. Kg2 Rc2 39. Kg1 Rc1 40. Kg2 Rb1 41. Kg1 Nd3 42. Kg2 Ne1+ 43.
Kg1 Nf3+ 44. Kg2 Nxh4+ 45. Kg1 Nf3+ 46. Kg2 h4 47. Rb3 h3+ 48. Kg3 Rxf1 49. Rxb6 h2 50.
Rxc6 h1=Q 0-1

[Event "*** Titled Tuesday Blitz"]
[Site "Chess.com"]
[Date "2020.04.21"]
[Round "1"]
[White "starworld123"]
[Black "MattyDPerrine"]
[Result "1-0"]
[WhiteElo "2652"]
[BlackElo "2318"]
[TimeControl "180+1"]
[EndTime "10:08:15 PDT"]
[Termination "starworld123 won by resignation"]

1. e4 c5 2. Nf3 a6 3. d4 cxd4 4. Nxd4 Nf6 5. Nc3 e5 6. Nb3 Bb4 7. Bd2 O-O 8. Bd3 Nc6 9. O-O d6 10. Qe2 Re8 11. Rad1 Nd4 12. Nxd4 exd4 13. Nb1 Bc5 14. Bg5 h6 15. Bxf6 Qxf6 16. Nd2 d5 17. Qh5 Re5 18. Qf3 Qd8 19. exd5 Rxd5 20. Ne4 Bb6 21. Rfe1 Be6 22. Bc4 Rf5 23. Qh3 Re5 24. Bxe6 Rxe6 25. Qd3 Qe7 26. Re2 Re8 27. Rde1 Qb4 28.
c3 dxc3 29. Nxc3 Qxb2 30. Rxb2 Rxe1+ 31. Qf1 Rxf1+ 32. Kxf1 Bd4 33. Rb3 b5 34. Nd5 Rd8 35. Nb4 Rd6 36. Rd3 Bc5 37. Rxd6 Bxd6 38. Nxa6 Kf8 39. Ke2 Ke7 40. Kd3 Kd7 41. Kd4 Kc6 42. g3 f6 43. Ke4 g6 44. g4 Be5 45. f4 Bd6 46. h4 Be7 47. h5 gxh5 48. gxh5 Bd6 49. f5 b4 50. Kd4 Kb6 51. Kd5 Be5 52.
Nxb4 Kb5 53. Nd3 Bc3 54. Ke6 Ka4 55. Nf4 Ka3 56. Nd5 Bd4 57. Nxf6 Kxa2 58. Ng4 1-0

[Event "*** Titled Tuesday Blitz"]
[Site "Chess.com"]
[Date "2020.04.21"]
[Round "1"]
[White "AlexandraSamaganova"]
[Black "hypert"]
[Result "1/2-1/2"]
[WhiteElo "2113"]
[BlackElo "2508"]
[TimeControl "180+1"]
[EndTime "10:08:15 PDT"]
[Termination "Game drawn by agreement"]

1. c4 e5 2. Nc3 Nf6 3. Nf3 Nc6 4. a3 e4 5. Ng5 Qe7 6. d3 exd3 7. Qxd3 h6 8. Nge4 Nxe4 9. Qxe4 Qxe4 10. Nxe4 Na5 11. e3 Nb3 12. Rb1 d6 13. Bd3 Be7 14.
O-O O-O 15. Bc2 Nxc1 16. Rbxc1 Be6 17. b3 d5 18. cxd5 Bxd5 19. Nc3 Be6 20. b4 c6 21.
Rfd1 Rfd8 22. f3 Kf8 23. Kf2 a5 24. Rb1 Rxd1 25. Bxd1 axb4 26. axb4 Ra3 27. Ne4 Ra2+ 28.
Kg3 h5 29. h4 Ra3 30. Nc5 Bd6+ 31. Kf2 Ra2+ 32. Kg1 Bc8 33. f4 Be7 34. Bxh5 Bxh4 35.
e4 Bf2+ 36. Kh2 Be3 37. Kg3 g5 38. fxg5 Bxg5 39. Rf1 Ra3+ 40. Kh2 f6 41. e5 Kg7 42. exf6+ Bxf6 43. Bf3 Be5+ 44. g3 b6 45. Ne4 Ba6 46. Rf2 Bd4 47. Rd2 c5 48. bxc5 bxc5 49. Bg2 Be3 50.
Rd7+ Kf8 51. Nd6 c4 52. Rf7+ Kg8 53. Bd5 Kh8 54. Bxc4 Bxc4 55. Nxc4 Ra2+ 56. Kh3 Bh6 1/2-1/2

[Event "*** Titled Tuesday Blitz"]
[Site "Chess.com"]
[Date "2020.04.21"]
[Round "1"]
[White "Algeriano22"]
[Black "colegiodemadrid"]
[Result "1-0"]
[WhiteElo "2629"]
[BlackElo "2303"]
[TimeControl "180+1"]
[EndTime "10:08:16 PDT"]
[Termination "Algeriano22 won by resignation"]

1. e4 e5 2. Nf3 c6 3. d4 exd4 4.
Qxd4 d6 5. Nc3 Nf6 6. Bf4 Be7 7.
O-O-O O-O 8. Bxd6 Bxd6 9. Qxd6 Qxd6 10. Rxd6 Nbd7 11. Bc4 Nc5 12. Re1 a5 13. e5 Ng4 14.
Re2 Nh6 15. h3 Nf5 16. Rd1 b5 17. Bd3 Nxd3+ 18. cxd3 b4 19. Ne4 Be6 20. Nc5 Bd5 21. d4 Rfd8 22. Ne1 a4 23. Kb1 h5 24. g4 hxg4 25.
hxg4 Nxd4 26. Red2 Ne6 27. Nxe6 fxe6 28. Nc2 b3 29.
Ne3 bxa2+ 30. Ka1 Rf8 31. Rc1 a3 32. b3 Rf4 33. Nxd5 cxd5 34. Kxa2 Rxg4 35. Rc6 Kf7 36. Rd3 Rf4 37. f3 Kg6 38. Rxe6+ Kf5 39. Re7 Rf8 40. Rxg7 d4 41. Re7 Rh4 42. Kxa3 Kf4 43. e6 Rh1 44. Rxd4+ Ke5 45. Red7 Kxe6 46. f4 Kf5 47. b4 Rf1 48. b5 Rb1 49. R7d5+ Kg4 50. Rg5+ Kh4 51. Ka2 Rg1 52.
Rgd5 Rf1 53. Rb4 R1xf4 54. Rxf4+ Rxf4 55. Ka3 Kg4 56. b6 Rc4 57. b7 1-0